 Dungeon Crawl Stone Soup version 0.30.0-29-ga12c61a403 (webtiles) character file.

Game seed: 16778897291701696673

3200 qw the Cleaver (level 9, -1/57 HPs)
             Began as a Gargoyle Fighter on June 3, 2023.
             Slain by an orc warrior
             ... wielding a +0 trident
              (4 damage)
             ... on level 10 of the Dungeon.
             The game lasted 00:03:43 (7285 turns).

qw the Cleaver (Gargoyle Fighter)                   Turns: 7285, Time: 00:03:43

Health: -1/57      AC: 20    Str: 25    XL:     9   Next: 96%
Magic:  0/9        EV:  8    Int:  8    God:
Gold:   501        SH:  6    Dex: 21    Spells: 8/8 levels left

rFire   . . .        Y - +1 broad axe (pain)
rCold   . . .        c - +0 buckler
rNeg    + . .        l - +0 plate armour
rPois   inf          (no helmet)
rElec   +            j - +0 cloak
rCorr   .            (no gloves)
SInv    .            (no boots)
Will    .....        r - amulet of guardian spirit Stlth
                     m - +6 ring of dexterity
HPRegen 0.29/turn    n - +6 ring of dexterity
MPRegen 0.11/turn

%: guardian spirit
@: about to teleport
A: sickness immunity, AC +6, negative energy resistance 1, electricity
resistance, torment resistance 1, petrification resistance
a: no special abilities


You were on level 10 of the Dungeon.
You visited 1 branch of the dungeon, and saw 8 of its levels.
You also visited: Ossuary.

You collected 1521 gold pieces.
You spent 1020 gold pieces at shops.


Innate Abilities, Weirdness & Mutations

You are immune to sickness and miasma.
Your stone body is resilient. (AC +6)
You are immune to poison.
You resist negative energy. (rN+)
You are resistant to electric shocks. (rElec)
You are resistant to unholy torment.
You are immune to petrification.


   Skills:
 - Level 7.0 Fighting
 + Level 9.9 Axes
 - Level 6.0 Armour
 - Level 2.0 Dodging
 - Level 5.1 Shields


You had 8 spell levels left.
You didn't know any spells.
Your spell library was empty.

Inventory:

Hand Weapons
 b - a +3 flail
 Y - a +1 broad axe of pain (weapon)
Armour
 c - a +0 buckler (worn)
 j - a +0 cloak (worn)
 l - a +0 plate armour (worn)
Jewellery
 g - a ring of resist corrosion
 m - a +6 ring of dexterity (left hand)
 n - a +6 ring of dexterity (right hand)
 r - an amulet of guardian spirit (around neck)
Wands
 h - a wand of digging (4)
Scrolls
 e - 5 scrolls of identify
 k - 2 scrolls of teleportation
Potions
 a - 4 potions of curing
 d - a potion of might
 f - 3 potions of mutation
 i - a potion of cancellation
 o - 2 potions of lignification
 p - 3 potions of haste
 s - a potion of resistance

Dungeon Overview and Level Annotations

Branches:
Dungeon (7/15)            Ossuary (visited)
 Temple: D:4-7

Altars:
Yredelemnul

Shops:
D:4 =   D:6 (

Annotations:
D:6 1 runed translucent door, Crazy Yiuf
D:10 Erolcha


Message History

Erolcha casts a spell.
Erolcha flickers and vanishes!
Deactivating autopickup; reactivate with Ctrl-A.
The orc shouts!
You hear a shout! 2 orcs come into view.
An orc is wielding a +2 trident of venom.
Found a stone staircase leading down.
The orc shouts! x2; You hear two shouts!
An orc warrior comes into view. It is wielding a +0 trident.
The orc warrior shouts!
A two-headed ogre comes into view. It is wielding two +0 giant clubs.
You closely miss the orc. You hit something.
The orc hits you but does no damage. Something hits you!!
You closely miss the orc. You slash something!
The orc hits you but does no damage.
You barely miss the orc. You completely miss something. Something hits you!
The orc closely misses you.
You barely miss the orc. You hit the orc. You hit something but do no damage.
The orc hits you but does no damage. x2
The orc warrior hits you from afar with a +0 trident!
Something hits you.
7283 ||| READING 3 scrolls of teleportation.
As you read the scroll of teleportation, it crumbles to dust.
You feel strangely unstable. The orc hits you but does no damage.
You block the orc's attack.
The orc warrior hits you but does no damage.
The orc hits you but does no damage. Something hits you.
You closely miss the orc.
The orc is heavily wounded.
You slash the orc!
You kill the orc!
You closely miss something. You block the orc's attack. x2
The orc warrior hits you but does no damage.
You completely miss the orc.
The orc is heavily wounded.
You hit something but do no damage. The orc barely misses you.
You block the orc's attack.
The orc warrior hits you from afar with a +0 trident.
You die...

..........
#.......>#
#........#
#........#
#........#
#..oOo...#
###........#
......)@o..#
###....{...#
#........#########
#................#
#................#
#...........?....#
#................#
#................#
#................#


You could see a two-headed ogre, an orc warrior and 2 orcs.

Vanquished Creatures
  Pikel (D:5)
  Maggie (D:6)
  A hornet (D:5)
  Sigmund (D:4)
  Menkaure (D:5)
  An orc warrior (D:7)
  3 centaurs
  A phantom (D:6)
  Blork the orc (D:4)
  2 kobold brigands
  A lemure (D:5)
  A bullfrog (D:7)
  2 scorpions
  3 wights (D:7)
  2 howler monkeys
  A human zombie (D:7)
  4 jellies
  2 orc priests
  3 hounds
  2 sleepcaps (D:6)
  8 orc wizards
  3 iguanas
  A hound zombie (Ossuary)
  4 mummies (Ossuary)
  4 gnolls (D:5)
  9 adders
  A shadow imp (D:7)
  2 white imps
  2 adder zombies (Ossuary)
  2 worms
  34 orcs
  6 endoplasms
  3 giant cockroaches
  8 hobgoblins
  2 jackals (D:2)
  21 kobolds
  4 quokkas
  7 ball pythons
  5 bats
  5 frilled lizards
  8 goblins
  2 goblin zombies (Ossuary)
  2 hobgoblin zombies (Ossuary)
  3 kobold zombies
  An orc zombie (D:7)
  3 rats
  3 rat zombies (Ossuary)
187 creatures vanquished.

Notes
Turn   | Place    | Note
-------+----------+-------------------------------------------
     0 | D:1      | qw the Gargoyle Fighter began the quest for the Orb.
     0 | D:1      | Reached XP level 1. HP: 14/14 MP: 1/1
     0 | D:1      | 0 ||| qw: Version: 0.2-a-103-g3a7daa1
     0 | D:1      | 0 ||| qw: Game counter: 955
     0 | D:1      | 0 ||| qw: Always use a shield: true
     0 | D:1      | 0 ||| qw: God list: Okawaru
     0 | D:1      | 0 ||| qw: Allow faded altars: false
     0 | D:1      | 0 ||| qw: Do Orc after D:15 true
     0 | D:1      | 0 ||| qw: Do second Lair branch before Depths: true
     0 | D:1      | 0 ||| qw: Lair rune preference: random
     0 | D:1      | 0 ||| qw: Plans: Normal, Zot:1-4, Slime:5, God:TSO, Crypt,
                  | Tomb, Pan, Hells, Abyss, Win
     0 | D:1      | 0 ||| PLANNING D:1-11
    82 | D:1      | Reached skill level 2 in Axes
   190 | D:1      | Reached XP level 2. HP: 16/19 MP: 2/2
   355 | D:1      | 355 ||| Stepping ~*~*~tactically~*~*~ (stealth).
   357 | D:1      | 357 ||| Stepping ~*~*~tactically~*~*~ (stealth).
   647 | D:1      | 647 ||| DROPPING +0 club.
  1023 | D:1      | 1023 ||| READING scroll labelled MOHYIS XINEFE.
  1024 | D:1      | 1024 ||| READING scroll labelled ZEYFAO YDDOERPHA.
  1024 | D:1      | Identified a scroll of acquirement
  1024 | D:1      | 1024 ||| ACQUIRING 1034 gold pieces
  1024 | D:1      | Acquired 1034 gold pieces
  1026 | D:1      | 1026 ||| READING scroll labelled LEEMOFR FEIH.
  1030 | D:1      | 1030 ||| READING 2 scrolls labelled PINIGO TIUKHLEC.
  1031 | D:1      | 1031 ||| READING scroll labelled ANNUN DYUF.
  1032 | D:1      | 1032 ||| DRINKING 2 brown potions.
  1033 | D:1      | 1033 ||| DROPPING potion of magic.
  1034 | D:1      | 1034 ||| DROPPING scroll of blinking.
  1061 | D:2      | Reached skill level 3 in Axes
  1087 | D:2      | Reached XP level 3. HP: 16/23 MP: 3/3
  1343 | D:2      | 1343 ||| Stepping ~*~*~tactically~*~*~ (hiding).
  1674 | D:2      | Reached XP level 4. HP: 11/28 MP: 4/4
  1693 | D:2      | 1693 ||| Stepping ~*~*~tactically~*~*~ (stealth).
  1931 | D:2      | 1931 ||| READING 2 scrolls of identify.
  1931 | D:2      | 1931 ||| IDENTIFYING bubbling white potion
  1993 | D:3      | Reached skill level 4 in Axes
  2561 | D:3      | Found a faded altar of an unknown god.
  2825 | D:3      | 2825 ||| UPGRADING to +0 cloak.
  2830 | D:3      | 2830 ||| UPGRADING to +0 plate armour.
  2840 | D:3      | 2840 ||| DROPPING +0 scale mail.
  2841 | D:3      | 2841 ||| UPGRADING to ring of willpower.
  2842 | D:3      | 2842 ||| DROPPING ring of flight.
  2843 | D:3      | 2843 ||| READING scroll labelled CAN PYGOUL.
  2844 | D:3      | 2844 ||| READING scroll labelled JEAPLI OHYNT.
  2845 | D:3      | 2845 ||| DRINKING 2 fizzy puce potions.
  2880 | D:3      | 2880 ||| READING 2 scrolls of identify.
  2880 | D:3      | 2880 ||| IDENTIFYING orange potion
  2949 | D:4      | Reached XP level 5. HP: 32/32 MP: 5/5
  2965 | D:4      | Reached skill level 5 in Axes
  2990 | D:4      | 2990 ||| DROPPING +1 hand axe of electrocution.
  3085 | D:4      | 3085 ||| Stepping ~*~*~tactically~*~*~ (stealth).
  3129 | D:4      | 3129 ||| Stepping ~*~*~tactically~*~*~ (stealth).
  3172 | D:4      | 3172 ||| Stepping ~*~*~tactically~*~*~ (stealth).
  3173 | D:4      | 3173 ||| Stepping ~*~*~tactically~*~*~ (stealth).
  3179 | D:4      | Reached XP level 6. HP: 37/38 MP: 6/6
  3309 | D:4      | 3309 ||| Stepping ~*~*~tactically~*~*~ (stealth).
  3310 | D:4      | 3310 ||| Stepping ~*~*~tactically~*~*~ (stealth).
  3374 | D:4      | Noticed Blork the orc
  3375 | D:4      | 3375 ||| Stepping ~*~*~tactically~*~*~ (stealth).
  3377 | D:4      | 3377 ||| Stepping ~*~*~tactically~*~*~ (hiding).
  3397 | D:4      | Killed Blork the orc
  3539 | D:4      | Noticed Sigmund
  3550 | D:4      | Killed Sigmund
  3551 | D:4      | Reached skill level 6 in Axes
  3551 | D:4      | Reached XP level 7. HP: 36/43 MP: 7/7
  3634 | D:4      | 3634 ||| DROPPING +0 mace.
  3655 | D:4      | 3655 ||| Stepping ~*~*~tactically~*~*~ (stealth).
  3733 | D:4      | Found Becon's Jewellery Emporium.
  3741 | D:4      | 3741 ||| BUYING +6 ring of dexterity (360 gold).
  3741 | D:4      | Bought a +6 ring of dexterity for 360 gold pieces
  3741 | D:4      | 3741 ||| BUYING +6 ring of dexterity (360 gold).
  3741 | D:4      | Bought a +6 ring of dexterity for 360 gold pieces
  3741 | D:4      | 3741 ||| BUYING amulet of guardian spirit (300 gold).
  3741 | D:4      | Bought an amulet of guardian spirit for 300 gold pieces
  3741 | D:4      | 3741 ||| SHOPLISTING ring of ice (250 gold, have 244).
  3741 | D:4      | 3741 ||| SHOPLISTING ring of protection from cold (250
                  | gold, have 244).
  3830 | D:4      | 3830 ||| UPGRADING to amulet of guardian spirit.
  3835 | D:4      | 3835 ||| UPGRADING to ring of resist corrosion.
  3836 | D:4      | 3836 ||| UPGRADING to +6 ring of dexterity.
  3838 | D:4      | 3838 ||| UPGRADING to +6 ring of dexterity.
  3840 | D:4      | 3840 ||| DROPPING ring of willpower.
  3841 | D:4      | 3841 ||| READING 3 scrolls of identify.
  3841 | D:4      | 3841 ||| IDENTIFYING fizzy brown potion
  3842 | D:4      | 3842 ||| READING 2 scrolls of identify.
  3842 | D:4      | 3842 ||| IDENTIFYING silvery potion
  3843 | D:4      | 3843 ||| DROPPING potion of berserk rage.
  3848 | D:5      | Entered Level 5 of the Dungeon
  3870 | D:5      | 3870 ||| DROPPING +0 flail.
  3896 | D:5      | 3896 ||| Stepping ~*~*~tactically~*~*~ (stealth).
  3899 | D:5      | 3899 ||| Stepping ~*~*~tactically~*~*~ (hiding).
  3916 | D:5      | 3916 ||| DRINKING potion of curing.
  3916 | D:5      | 3916 ||| (to cure confusion)
  3919 | D:5      | Reached skill level 1 in Dodging
  3940 | D:5      | Noticed a hornet
  3954 | D:5      | Killed a hornet
  3975 | D:5      | 3975 ||| Stepping ~*~*~tactically~*~*~ (stealth).
  4133 | D:5      | Found a basalt altar of Yredelemnul.
  4179 | D:5      | Noticed Menkaure
  4184 | D:5      | Killed Menkaure
  4185 | D:5      | Reached skill level 7 in Axes
  4185 | D:5      | Reached XP level 8. HP: 48/48 MP: 8/8
  4253 | D:5      | 4253 ||| Stepping ~*~*~tactically~*~*~ (stealth).
  4254 | D:5      | 4254 ||| Stepping ~*~*~tactically~*~*~ (stealth).
  4255 | D:5      | 4255 ||| Stepping ~*~*~tactically~*~*~ (stealth).
  4256 | D:5      | 4256 ||| Stepping ~*~*~tactically~*~*~ (stealth).
  4507 | D:5      | 4507 ||| Stepping ~*~*~tactically~*~*~ (stealth).
  4791 | D:5      | 4791 ||| Stepping ~*~*~tactically~*~*~ (hiding).
  5109 | D:5      | 5109 ||| READING scroll labelled LEL BETAPUNGO.
  5110 | D:5      | 5110 ||| READING scroll labelled RAFAAM DOXKEISEZA.
  5111 | D:5      | 5111 ||| READING 2 scrolls labelled RYSIADERHU.
  5112 | D:5      | 5112 ||| READING scroll of enchant weapon.
  5112 | D:5      | 5112 ||| ENCHANTING +1 war axe.
  5113 | D:5      | 5113 ||| DRINKING 2 glowing pink potions.
  5114 | D:5      | 5114 ||| DROPPING potion of degeneration.
  5140 | D:6      | Noticed Pikel
  5150 | D:6      | 5150 ||| STAIRDANCE
  5163 | D:5      | Killed Pikel
  5164 | D:5      | Reached skill level 8 in Axes
  5281 | D:6      | 5281 ||| Stepping ~*~*~tactically~*~*~ (hiding).
  5283 | D:6      | 5283 ||| Stepping ~*~*~tactically~*~*~ (hiding).
  5284 | D:6      | 5284 ||| Stepping ~*~*~tactically~*~*~ (hiding).
  5290 | D:6      | 5290 ||| Stepping ~*~*~tactically~*~*~ (stealth).
  5306 | D:6      | Reached XP level 9. HP: 52/54 MP: 9/9
  5323 | D:6      | 5323 ||| Stepping ~*~*~tactically~*~*~ (stealth).
  5330 | D:6      | 5330 ||| Stepping ~*~*~tactically~*~*~ (hiding).
  5556 | D:6      | Reached skill level 6 in Fighting
  5656 | D:6      | 5656 ||| Stepping ~*~*~tactically~*~*~ (stealth).
  5723 | D:6      | Reached skill level 9 in Axes
  5735 | D:6      | Noticed Maggie
  5744 | D:6      | HP: 13/55 [Maggie/+1 broad axe of pain (10)]
  5745 | D:6      | 5745 ||| READING 2 scrolls of teleportation.
  6180 | D:6      | Found Agym Xot's Antique Weapon Shop.
  6248 | D:6      | Killed Maggie
  6273 | D:6      | 6273 ||| Stepping ~*~*~tactically~*~*~ (stealth).
  6275 | D:6      | 6275 ||| SWAPPING to +1 broad axe of pain.
  6286 | D:6      | 6286 ||| DROPPING +2 war axe.
  6381 | D:6      | Found a runed translucent door.
  6382 | D:6      | Noticed Crazy Yiuf
  6384 | D:6      | 6384 ||| DROPPING +1 hammer of protection.
  6591 | D:6      | 6591 ||| DRINKING 2 dark potions.
  6592 | D:6      | 6592 ||| DROPPING potion of flight.
  6617 | D:7      | 6617 ||| PLANNING OSSUARY
  6625 | D:7      | 6625 ||| Stepping ~*~*~tactically~*~*~ (stealth).
  6628 | D:7      | 6628 ||| Stepping ~*~*~tactically~*~*~ (stealth).
  6724 | D:7      | 6724 ||| Stepping ~*~*~tactically~*~*~ (hiding).
  6725 | D:7      | 6725 ||| Stepping ~*~*~tactically~*~*~ (hiding).
  6749 | D:7      | Reached skill level 6 in Armour
  6811 | D:7      | Found a sand-covered staircase.
  6844 | D:7      | 6844 ||| DROPPING amulet of magic regeneration.
  6852 | Ossuary  | Entered an ossuary
  7014 | Ossuary  | 7014 ||| READING scroll labelled XANITOSEARR.
  7015 | Ossuary  | 7015 ||| DRINKING 2 lumpy clear potions.
  7027 | D:7      | 7027 ||| PLANNING D:1-11
  7046 | D:7      | 7046 ||| Stepping ~*~*~tactically~*~*~ (hiding).
  7048 | D:7      | 7048 ||| Stepping ~*~*~tactically~*~*~ (hiding).
  7272 | D:7      | You fall into a shaft and drop 3 floors!
  7272 | D:10     | Entered Level 10 of the Dungeon
  7274 | D:10     | Noticed Erolcha
  7278 | D:10     | Noticed a two-headed ogre
  7282 | D:10     | HP: 11/57 [orc warrior/+0 trident (10)]
  7283 | D:10     | 7283 ||| READING 3 scrolls of teleportation.
  7283 | D:10     | HP: 3/57 [something (4)]
  7285 | D:10     | Slain by an orc warrior

Levels and vault maps discovered:
D:1:      dpeg_arrival_signposts, layout_basic, minmay_vboxes
D:2:      layout_loops_ring
D:3:      layout_basic, hellmonk_ecumenical_altar_run_dry
D:4:      layout_basic, serial_shops, shop, uniq_blork_the_orc, uniq_sigmund
D:5:      layout_basic, lemuel_doored_altar, chequers_serial_rivers_micro_c,
          minmay_misc_feat_hallway, uniq_menkaure
D:6:      layout_loops_corners, serial_shops, nicolae_shop_crystal,
          chequers_mini_garden, uniq_maggie, uniq_crazy_yiuf_cottage, uniq_pikel
D:7:      minmay_the_grid_triangle_9x9_rhombus_thin
          [minmay_the_grid_triangle_9x9_corruption,
          minmay_the_grid_triangle_9x9_prize_schism,
          minmay_the_grid_triangle_9x9_alien,
          minmay_the_grid_triangle_9x9_limited_checkers], layout_cave_pods,
          minmay_temple_entry_tees, enter_ossuary_3, minmay_crystal_room
D:10:     layout_small_grid, erik_lair_island, uniq_sonja, uniq_nergalle,
          uniq_erolcha, uniq_erica

Skill      XL: |  1  2  3  4  5  6  7  8  9 |
---------------+----------------------------+-----
Axes           | 2 3 4 5 6 7 8 9 |  9.9
Fighting       | 4 5 7 |  7.0
Dodging        | 1 2 |  2.0
Armour         | 5 6 |  6.0
Shields        | 5 |  5.1

Action                     |  1- 3 |  4- 6 |  7- 9 || total
---------------------------+-------+-------+-------++-------
  Melee: War axe           |   127 |   152 |   236 ||   515
         Broad axe         |       |       |    94 ||    94
    Use: Scroll            |     5 |     4 |     9 ||    18
         Potion            |     1 |     1 |     4 ||     6
   Stab: Distracted        |       |       |     1 ||     1
 Armour: Scale mail        |    71 |    36 |       ||   107
         Plate armour      |       |    38 |   197 ||   235
  Dodge: Dodged            |    53 |    62 |    92 ||   207
  Block: Buckler           |    30 |    19 |    72 ||   121

Table legend:
 A = Non-vault XP
 B = Vault XP
 C = Vault XP percentage of total XP
 D = Non-vault monster count
 E = Vault monster count
 F = Vault count percentage of total count
                 A         B        C        D         E       F
            +---------+---------+-------+---------+---------+-------
      Total |    2454 |    2118 |  46.3 |     151 |      35 |  18.8
            +---------+---------+-------+---------+---------+-------
        D:1 |      21 |       8 |  27.6 |      14 |       5 |  26.3
        D:2 |      64 |       0 |   0.0 |      23 |       0 |   0.0
        D:3 |      37 |       0 |   0.0 |      13 |       0 |   0.0
        D:4 |     233 |     314 |  57.4 |      26 |       2 |   7.1
        D:5 |     665 |     835 |  55.7 |      30 |       2 |   6.2
        D:6 |     750 |     379 |  33.6 |      23 |       1 |   4.2
        D:7 |     681 |     467 |  40.7 |      21 |       9 |  30.0
       D:10 |       3 |       0 |   0.0 |       1 |       0 |   0.0
    Ossuary |       0 |     115 | 100.0 |       0 |      16 | 100.0
            +---------+---------+-------+---------+---------+-------
